 Dungeon Crawl Stone Soup version 0.31-a0-841-g038b102fc3 (webtiles) character file.

Game seed: 3952395186766876427

16 PimpSugar the Magician (level 2, 0/21 HPs)
             Began as a Djinni Hedge Wizard on Sept 27, 2023.
             Slain by a bat (1 damage)
             ... on level 1 of the Dungeon.
             The game lasted 00:02:33 (334 turns).

PimpSugar the Magician (Djinni Hedge Wizard)         Turns: 334, Time: 00:02:33

Health: 0/21       AC:  2    Str:  9    XL:     2   Next: 75%
Gold:   53         EV: 12    Int: 15    God:
                   SH:  0    Dex: 12

rFire   + + .        a - +0 dagger
rCold   x . .        (no shield)
rNeg    . . .        b - +0 robe
rPois   ∞            c - +0 hat
rElec   .            (no cloak)
rCorr   .            (no gloves)
SInv    .            (boots unavailable)
Will    .....        (no amulet)
Stlth   ++           (no ring)
HPRegen 0.23/turn    (no ring)
MPRegen 0.00/turn

%: infuse magic (-1 HP)
@: flying
A: sickness immunity, fire resistance 2, cold vulnerability 1, float, innate
caster, HP casting, extra vitality 1
a: no special abilities


You were on level 1 of the Dungeon.
You visited 1 branch of the dungeon, and saw 2 of its levels.

You collected 53 gold pieces.

Inventory:

Hand Weapons
 a - a +0 dagger (weapon)
Missiles
 f - 4 stones
Armour
 b - a +0 robe (worn)
 c - a +0 hat (worn)
Scrolls
 d - a scroll of teleportation
Potions
 g - a potion of might {unknown}


   Skills:
 + Level 0.1 Fighting
 + Level 2.5 Dodging
 + Level 1.8 Stealth
 * Level 3.0 Spellcasting
 * Level 3.0 Conjurations
 * Level 3.0 Hexes
   Level 0.0 Charms
 * Level 3.0 Summonings
 * Level 3.0 Necromancy
 * Level 3.0 Translocations
 * Level 3.0 Transmutations
 * Level 3.0 Fire Magic
 * Level 3.0 Ice Magic
 * Level 3.0 Air Magic
 * Level 3.0 Earth Magic
 * Level 3.0 Poison Magic
 + Level 0.1 Invocations
 + Level 0.1 Evocations
 + Level 0.0 Shapeshifting


You knew the following spells:

 Your Spells              Type           Power      Damage    Failure   Level
a - Magic Dart            Conj           44%        1d5       6%          1
b - Call Imp              Summ           22%        N/A       9%          2
c - Mephitic Cloud        Conj/Pois/Air  11%        N/A       17%         3
d - Slow                  Hex            44%        N/A       6%          1
e - Blink                 Tloc           22%        N/A       9%          2
Your spell library was empty.

Dungeon Overview and Level Annotations

Branches:
Dungeon (2/15)

Altars:

Annotations:
D:2 Sigmund


Innate Abilities, Weirdness & Mutations

You are immune to sickness and miasma.
You are immune to poison.
Your flesh is very heat resistant. (rF++)
You are vulnerable to cold. (rC-)
You float through the air rather than walking.
You learn spells naturally, not from books.
Your magical power is your life essence.
You have superior vitality. (+4 MHP)


Message History

The bat hits you but does no damage. The bat barely misses you.
The hobgoblin hits you. The kobold hits you with a +0 club.
Your cerulean imp closely misses the bat.
You hit the hobgoblin.
The hobgoblin is severely wounded.
The bat misses you.
The bat barely misses your cerulean imp.
The hobgoblin barely misses you. The kobold completely misses you.
The bat hits you but does no damage.
Your cerulean imp misses the bat.
You hit the hobgoblin.
You kill the hobgoblin!
The bat closely misses you. The kobold hits you but does no damage.
Your cerulean imp barely misses the bat.
The bat barely misses you. The goblin misses you. The kobold barely misses you.
You hit the kobold.
The kobold is moderately wounded.
The bat hits you but does no damage. The goblin barely misses you.
The kobold closely misses you.
Your cerulean imp hits the bat from afar with a -3 spear.
The bat hits you.
You completely miss the kobold.
The kobold is moderately wounded.
The bat barely misses you.
The goblin hits you with a +0 dagger of freezing.
The goblin freezes you.
* * * LOW HITPOINT WARNING * * *
The kobold hits you with a +0 club.
* * * LOW HITPOINT WARNING * * *
Your cerulean imp hits the kobold with a -3 spear.
You catch the helpless kobold completely off-guard!
You puncture the kobold!
You kill the kobold!
The goblin hits you with a +0 dagger of freezing.
* * * LOW HITPOINT WARNING * * *
The goblin freezes you.
* * * LOW HITPOINT WARNING * * *
Your cerulean imp barely misses the bat.
The bat misses you. The bat hits you.
You die...

... #..# ...#
#... #..# #
###...#
###.##g..###
#......5...#
........b@...#
.............#
.................
.............####
.............#
.............#
####.........#
###########


You could see a goblin, a bat (ally target) and a friendly cerulean imp
(summoned).

Vanquished Creatures
  A ball python (D:1)
  An endoplasm (D:1)
  4 goblins
  2 hobgoblins (D:1)
  A kobold (D:1)
  2 bats (D:1)
  3 rats
14 creatures vanquished.

Notes
Turn   | Place    | Note
-------+----------+-------------------------------------------
     0 | D:1      | PimpSugar the Djinni Hedge Wizard began the quest for the
                  | Orb.
     0 | D:1      | PimpSugar set off with the following spells memorised:
                  | Magic Dart, Slow, Blink, Call Imp, Mephitic Cloud.
     0 | D:1      | Reached XP level 1. HP: 15/15 MP: 0/0
   109 | D:1      | Reached XP level 2. HP: 16/21 MP: 0/0
   133 | D:1      | Found a faded altar of an unknown god.
   209 | D:1      | You are sucked into a shaft and drop 1 floor!
   293 | D:2      | Noticed Sigmund
   333 | D:1      | HP: 1/21 [goblin/+0 dagger of freezing (1)]
   334 | D:1      | Slain by a bat

Illustrated notes

Levels and vault maps discovered:
D:1:      dpeg_arrival_refuge, layout_rooms, ebering_ecumenical_altar_petrified
D:2:      layout_rooms, uniq_sigmund

Skill      XL: |  1 |
---------------+----+-----
Spellcasting   | 3 |  3.0
Conjurations   | 3 |  3.0
Hexes          | 3 |  3.0
Summonings     | 3 |  3.0
Necromancy     | 3 |  3.0
Translocations | 3 |  3.0
Transmutations | 3 |  3.0
Fire Magic     | 3 |  3.0
Ice Magic      | 3 |  3.0
Air Magic      | 3 |  3.0
Earth Magic    | 3 |  3.0
Poison Magic   | 3 |  3.0
Fighting       | |  0.1
Dodging        | |  2.5
Stealth        | |  1.8
Invocations    | |  0.1
Evocations     | |  0.1

Action                     || total
---------------------------++-------
  Melee: Dagger            ||    16
   Cast: Magic Dart        ||    17
         Call Imp          ||     3
    Use: Scroll            ||     1
         Potion            ||     1
   Stab: Distracted        ||     1
 Armour: Robe              ||    38
  Dodge: Dodged            ||    60

Table legend: (Time is in decaauts)
 A = Elapsed time spent in this place.
 B = Non-inter-level travel time spent in this place.
 C = Inter-level travel time spent in this place.
 D = Time resting spent in this place.
 E = Time spent auto-exploring this place.
 F = Levels seen in this place.
 G = Mean time per level.
                   A        B        C        D        E       F      G
               +--------+--------+--------+--------+--------+-----+--------+
         Total |    333 |    333 |      0 |      0 |    164 |   2 |  166.5 |
       Dungeon |    333 |    333 |      0 |      0 |    164 |   2 |  166.5 |
               +--------+--------+--------+--------+--------+-----+--------+

Top non-repeatable levels by time:
     D:1: 225 daAuts
     D:2: 107 daAuts
